 Dungeon Crawl Stone Soup version 0.22-a0-406-g9ff8d77 (webtiles) character file.

490 Borgoz the Skirmisher (level 7, -2/66 HPs)
             Began as a Gargoyle Abyssal Knight on May 8, 2018.
             Was a Believer of Lugonu.
             Killed from afar by KristoblXynda's ghost (3 damage)
             ... with a magic dart
             ... on level 5 of the Dungeon.
             The game lasted 00:09:49 (4353 turns).

Borgoz the Skirmisher (Gargoyle Abyssal Knight)     Turns: 4353, Time: 00:09:50

Health: -2/66      AC: 15    Str: 24    XL:     7   Next: 14%
Magic:  9/10       EV:  9    Int: 12    God:    Lugonu [**....]
Gold:   150        SH:  0    Dex: 14    Spells: 6/6 levels left

rFire    . . .     SeeInvis .   a - +1 hand axe
rCold    . . .     Gourm    .   (no shield)
rNeg     + . .     Faith    .   j - +1 chain mail
rPois    ∞         Spirit   .   (no helmet)
rElec    +         Reflect  .   (no cloak)
rCorr    .         Harm     .   (no gloves)
MR       .....                  (no boots)
Stlth    ..........             (no amulet)
HPRegen  0.21/turn              x - +5 ring of dexterity
MPRegen  0.12/turn              v - +3 ring of strength

@: berserking, very slightly contaminated, very quick
A: clumsy 1, mutation resistance 1, negative energy resistance 1, electricity
resistance, unbreathing, petrification resistance, rot immunity, AC +4
a: Depart the Abyss, Bend Space, Renounce Religion


You were on level 5 of the Dungeon.
You worshipped Lugonu.
Lugonu was pleased with you.
You were hungry.

You visited 1 branch of the dungeon, and saw 6 of its levels.
You visited the Abyss 1 time.

You collected 150 gold pieces.

Inventory:

Hand Weapons
 a - a +1 hand axe (weapon)
Armour
 j - a +1 chain mail (worn)
Jewellery
 m - an uncursed ring of ice
 n - an uncursed ring of poison resistance
 r - an uncursed ring of protection from cold
 s - an uncursed ring of flight
 v - a +3 ring of strength (right hand)
 x - a +5 ring of dexterity (left hand)
Wands
 e - a wand of flame (31)
Scrolls
 f - a scroll of magic mapping
 g - 2 scrolls of amnesia
 l - 3 scrolls of remove curse
Potions
 d - 3 potions of brilliance
 k - 2 potions of lignification
 o - a potion of cancellation
 z - a potion of might {unknown}
Comestibles
 c - 3 rations


   Skills:
 + Level 4.8 Fighting
 + Level 3.3 Axes
 + Level 4.1 Armour
 + Level 2.5 Dodging
 + Level 4.0 Invocations


You had 6 spell levels left.
You didn't know any spells.

Dungeon Overview and Level Annotations

Branches:
Dungeon (6/15)
 Temple: D:4-7

Altars:
Trog
Wu Jian
The Shining One

Annotations:
D:5 KristoblXynda's ghost, novice TrWz


Innate Abilities, Weirdness & Mutations

You are resistant to torment.
Your stone body is resilient. (AC +4)
You are immune to poison.
You resist negative energy. (rN+)
You are resistant to electric shocks. (rElec)
You can survive without breathing.
You are immune to petrification.
You are immune to rotting.
You are clumsy. (Dex -2)
You are somewhat resistant to further mutation.


Message History

You kill the jelly!
Lugonu accepts your kill.
Your Invocations skill increases to level 4!
You closely miss KristoblXynda's ghost.
KristoblXynda's ghost gestures at you while chanting.
The magic dart hits you!
You closely miss KristoblXynda's ghost.
KristoblXynda's ghost is moderately damaged.
You hit the phantom but do no damage.
KristoblXynda's ghost gestures at you while chanting.
The magic dart hits you!
* * * LOW HITPOINT WARNING * * *
The phantom completely misses you.
You are too berserk!
You hit KristoblXynda's ghost.
KristoblXynda's ghost is heavily damaged.
You closely miss the phantom.
KristoblXynda's ghost casts a spell at you.
The magic dart hits you!
You die...

##########
****,,,,,,,*
.s.o.Z.s.#
*,,,,,,,****
.#######o#
*,****,,,**** .# ##.##
*,* **,,**,, Z#
####...## *,* *,,**,,
.# #.......# *,*
*,,**,,
o###.##..o######## *,*
*,,,>..
h.........Zhc§cW§#
**,******,,...
s.##$##..Z######@#
*,,,,,,,,,,...
..##.###.## #W#
*,,******,,...
..#...##.# #§#**,,*
*,*##. ....#....#
#§§,,,,* *,* #.
#.#...##.# #..**,**
*,* #.
#..s..##.******#..#*,*
*,* **
####..#*,,,,,,,....,,*
*,* *
#..#********#..#***
*,* * #..# **,,,,,*
*,* *


You could see a phantom (inner flame), a centaur (inner flame) and
KristoblXynda's ghost (inner flame).

Vanquished Creatures
  A sky beast (D:6)
  A phantom (D:3)
  A jelly (D:5)
  An iguana (D:6)
  A worker ant (D:4)
  A hound skeleton (D:6)
  4 gnolls
  7 adders
  3 oozes
  2 worms (D:3)
  3 dart slugs
  3 orcs (D:3)
  A ball python (D:1)
  3 giant cockroaches
  6 goblins
  8 hobgoblins
  15 jackals
  2 quokkas
  7 bats
  5 frilled lizards
  13 kobolds
  4 rats
92 creatures vanquished.

Notes
Turn   | Place    | Note
-------+----------+-------------------------------------------
     0 | Abyss:1  | Borgoz the Gargoyle Abyssal Knight began the quest for the Orb.
     0 | Abyss:1  | Reached XP level 1. HP: 14/14 MP: 2/2
    53 | Abyss:1  | Noticed an apocalypse crab
    53 | Abyss:1  | Noticed a small abomination
    54 | D:1      | Escaped the Abyss
    69 | D:1      | Reached * piety under Lugonu
    81 | D:1      | Reached skill level 1 in Dodging
    81 | D:1      | Reached XP level 2. HP: 12/19 MP: 3/3
   604 | D:1      | Reached XP level 3. HP: 13/23 MP: 4/4
  1559 | D:2      | Reached XP level 4. HP: 22/29 MP: 5/5
  1716 | D:2      | Reached ** piety under Lugonu
  1963 | D:3      | Found an ornate altar of the Wu Jian Council.
  2047 | D:3      | Noticed a phantom
  2599 | D:4      | Reached XP level 5. HP: 28/33 MP: 7/7
  3306 | D:3      | Killed a phantom
  3306 | D:3      | Reached XP level 6. HP: 30/38 MP: 8/8
  3592 | D:3      | Found a glowing golden altar of the Shining One.
  3704 | D:5      | Entered Level 5 of the Dungeon
  3708 | D:5      | Noticed KristoblXynda's ghost (novice TrWz)
  3855 | D:5      | Noticed a sky beast
  3887 | D:6      | Killed a sky beast
  4180 | D:6      | Reached XP level 7. HP: 30/44 MP: 9/9
  4234 | D:5      | HP: 2/44 [KristoblXynda's ghost/magic dart (3)]
  4242 | D:5      | HP: 2/44 [hound skeleton (1)]
  4285 | D:5      | Found a bloodstained altar of Trog.
  4348 | D:5      | Gained mutation: You are clumsy. (Dex -2) [potion of mutation]
  4348 | D:5      | Gained mutation: You are somewhat resistant to further mutation. [potion of mutation]
  4352 | D:5      | HP: 1/66 [KristoblXynda's ghost/magic dart (5)]
  4353 | D:5      | Killed from afar by KristoblXynda's ghost

Vault maps used:
D:1:      dpeg_arrival_connections, minmay_statues_item, item_on_display_a
D:3:      lemuel_doored_altar, old_standard_altar
D:4:      first_ration, hex_tiny
D:5:      zin_treasury, trog_three_pillars_becter
D:6:      eat_drink_and_be_merry_uskayaw, okawaru_altar_gauntlet_db

Skill      XL: |  1  2  3  4  5  6  7 |
---------------+----------------------+-----
Dodging        | 1 2 |  2.5
Axes           | 2 3 |  3.3
Armour         | 3 4 |  4.1
Fighting       | 4 |  4.8
Invocations    | 3 4 |  4.0

Action                   |  1- 3 |  4- 6 |  7- 9 || total
-------------------------+-------+-------+-------++-------
Melee: Hand axe          |   110 |   284 |    29 ||   423
Invok: Depart the Abyss  |     1 |       |       ||     1
  Use: Scroll            |       |     6 |     8 ||    14
       Potion            |       |     2 |     4 ||     6
  Eat: Chunk             |     2 |     9 |       ||    11
Armor: Leather armour    |    35 |       |       ||    35
       Chain mail        |    33 |   211 |    47 ||   291
Dodge: Dodged            |    76 |   132 |    31 ||   239

Table legend:
 A = Spawn XP
 B = Non-spawn XP
 C = Spawn XP percentage of total XP
 D = Spawn monster count
 E = Non-spawn monster count
 F = Spawn count percentage of total count
 G = Total turns spent on level
                    A         B        C        D         E        F      G
               +---------+---------+-------+---------+---------+-------+---------
         Total |       0 |     700 |   0.0 |       0 |      92 |   0.0 |  4353
               +---------+---------+-------+---------+---------+-------+---------
           D:1 |       0 |      60 |   0.0 |       0 |      29 |   0.0 |  1230
           D:2 |       0 |      49 |   0.0 |       0 |      16 |   0.0 |   931
           D:3 |       0 |     226 |   0.0 |       0 |      26 |   0.0 |   723
           D:4 |       0 |      64 |   0.0 |       0 |       6 |   0.0 |   827
           D:5 |       0 |      68 |   0.0 |       0 |       9 |   0.0 |   224
           D:6 |       0 |     233 |   0.0 |       0 |       6 |   0.0 |   364
               +---------+---------+-------+---------+---------+-------+---------
